 Dungeon Crawl Stone Soup version 0.18.1-48-g4cf74bf (webtiles) character file.

16750 juanjsm the Thaumaturge (level 12, -3/60 HPs)
             Began as a Spriggan Enchanter on July 25, 2016.
             Was the Champion of Okawaru.
             Slain by an Executioner (5 damage)
             ... on level 2 of the Abyss on July 27, 2016.
             The game lasted 00:59:01 (11430 turns).

juanjsm the Thaumaturge (Spriggan Enchanter)       Turns: 11430, Time: 00:59:02

Health: -3/60      AC:  6    Str:  6    XL:     12   Next: 12%
Magic:  20/20      EV: 32    Int: 25    God:    Okawaru [******]
Gold:   621        SH:  0    Dex: 27    Spells: 4 memorised, 27 levels left

rFire  . . .     SeeInvis +     a - +7 dagger "Xiucse" {pierce, rN+ Str+2 Dex+5 Stlth-}
rCold  + . .     Gourm    .     I - +1 robe "Cilut" {rC+ MP-9 Int+9}
rNeg   + + .     Faith    .     (shield restricted)
rPois  .         Spirit   .     (helmet restricted)
rElec  .         Dismiss  .     L - +2 cloak
rCorr  .         Reflect  .     (gloves unavailable)
SustAt .         Harm     .     (boots unavailable)
MR     ++...                    (no amulet)
Stlth  ++++++....               (no ring)
                                k - ring of positive energy

@: about to teleport, very quick, very resistant to hostile enchantments, very
stealthy
A: unfitting armour, see invisible, herbivore 3, speed 3, slow metabolism 2
a: Heroism, Finesse, Renounce Religion


You were on level 2 of the Abyss.
You worshipped Okawaru.
Okawaru was exalted by your worship.
You were not hungry.

You visited 3 branches of the dungeon, and saw 14 of its levels.
You visited the Abyss 1 time.
You also visited: Sewer and Ossuary.

You collected 621 gold pieces.

Inventory:

Hand Weapons
 a - the +7 dagger "Xiucse" (weapon) {pierce, rN+ Str+2 Dex+5 Stlth-}
   (Okawaru gifted it to you on level 2 of the Lair of Beasts)

   It inflicts extra damage upon your enemies.
   It affects your strength (+2).
   It affects your dexterity (+5).
   It protects you from negative energy.
   It makes you less stealthy.
 F - the +7 dagger "Opligef" {distort, rElec Dex+3}
   (Okawaru gifted it to you on level 4 of the Lair of Beasts)

   It warps and distorts space around it.
   Unwielding it can cause banishment or high damage.
   It affects your dexterity (+3).
   It insulates you from electricity.
Missiles
 v - 3 needles of sleeping
Armour
 c - a +0 buckler
 E - a troll hide {Snorg}
 I - the +1 robe "Cilut" (worn) {rC+ MP-9 Int+9}
   (Okawaru gifted it to you on level 8 of the Dungeon)

   It affects your intelligence (+9).
   It protects you from cold.
   It affects your magic capacity (-9).
 J - a +1 cloak of magic resistance
 L - a +2 cloak (worn)
Jewellery
 k - a ring of positive energy (left hand)
Wands
 j - a wand of polymorph (12/24)
 u - a wand of polymorph (14/24)
 P - a wand of digging (1/24)
Scrolls
 e - 2 scrolls of fog {unknown}
 f - 4 scrolls of identify
 h - 4 scrolls of fear {unknown}
 i - 2 scrolls of enchant armour {unknown}
 n - 2 scrolls of recharging {unknown}
 o - 6 scrolls of remove curse
 q - 2 scrolls of random uselessness {unknown}
 y - 3 scrolls of amnesia {unknown}
 z - 5 scrolls of teleportation
 B - 3 scrolls of blinking {unknown}
 C - a scroll of enchant weapon {unknown}
 G - 2 scrolls of noise {unknown}
Potions
 b - 2 potions of mutation {unknown}
 g - 9 potions of curing
 l - 2 potions of lignification
 m - 2 potions of ambrosia
 p - 5 potions of heal wounds
 r - a potion of haste {unknown}
 s - a potion of resistance {unknown}
 t - 3 potions of agility
 x - 5 potions of might
 A - 2 potions of berserk rage
 D - a potion of brilliance {unknown}
Miscellaneous
 w - a disc of storms
 H - a plain deck of summoning
 M - a phial of floods
Comestibles
 d - 5 bread rations
 N - 13 fruits
 O - 6 slices of pizza


   Skills:
 + Level 5.9 Fighting
 + Level 8.4 Short Blades
 + Level 11.2 Dodging
 + Level 12.2 Stealth
 + Level 0.7 Shields
 * Level 12.7 Spellcasting
 + Level 0.3 Conjurations
 - Level 9.6 Hexes
 + Level 1.1 Evocations


You had 27 spell levels left.
You knew the following spells:

 Your Spells              Type           Power        Failure   Level  Hunger
a - Corona                Hex            ######.      1%          1    None
b - Ensorcelled Hibernat  Hex/Ice        #####.       1%          2    None
c - Confuse               Hex            ######..     1%          3    None
d - Dazzling Spray        Conj/Hex       #####.       1%          3    None


Dungeon Overview and Level Annotations

Branches:
Dungeon (9/15)             Temple (1/1) D:4            Lair (4/8) D:9
  Swamp: Lair:3-6    Shoals: Lair:3-6     Snake: Lair:3-6    Spider: Lair:3-6
    Orc: D:9-12

Altars:
Ashenzari
Cheibriados
Dithmenos
Elyvilon
Fedhas
Gozag
Kikubaaqudgha
Makhleb
Nemelex Xobeh
Okawaru
Pakellas
Qazlal
Ru
Sif Muna
Trog
Vehumet
Xom
Yredelemnul
Zin
The Shining One

Annotations:
D:9 Erolcha
Lair:3 exclusion: oklob plant
Lair:4 Sonja


Innate Abilities, Weirdness & Mutations

You are tiny and cannot use many weapons and most armour.
You have supernaturally acute eyesight.
You are a herbivore.
You cover ground extremely quickly.
You need consume almost no food.


Message History

As you read the scroll labeled TUNNAASOTU, it crumbles to dust.
You feel strangely unstable.
You feel the power of the Abyss delaying your translocation!
It was a scroll of teleportation.
The Executioner hits you. The Executioner completely misses you.
The Executioner barely misses you. The Executioner hits you!
The Executioner completely misses you. The Executioner closely misses you.
The Executioner barely misses you. The Executioner hits you.
The Executioner hits you!
The Executioner completely misses you. x2; The Executioner misses you.
The Executioner hits you but does no damage.
The Executioner hits you. The Executioner barely misses you.
The Executioner hits you!
* * * LOW HITPOINT WARNING * * *
The Executioner hits you.
* * * LOW HITPOINT WARNING * * *
The Executioner closely misses you. The Executioner hits you.
* * * LOW HITPOINT WARNING * * *
The Executioner hits you.
You die...

# .## . . # . . .
. ... # .. #..##
.#. ### #.### .
..# #. . .#.. .#
... .#..## # .##
#.######..#.#.#...
. #
##...#..#.##......
. ##
.#ยง@#......### .#
#.#.###.1..###.#.#
.#. # .#
#...#......## ...
... ##### ####..#
..# # # .# #####
#.# ...# # .#.#.
..###. ..# ..
........ . . ....
..........#
.............#..


You could see an Executioner.

Vanquished Creatures
  Snorg (Lair:4)
  2 hydras
  Erica (D:8)
  Pikel (D:4)
  7 spiny frogs
  2 komodo dragons
  A harpy zombie (Abyss:2)
  A polar bear (Lair:2)
  A blink frog (Lair:4)
  2 spriggans (Lair:2)
  Sigmund (D:5)
  8 yaks
  A hungry ghost (D:8)
  3 hippogriffs
  The ghost of raikaria the Ruffian, an amateur DrTm (D:3)
  Edmund (D:5)
  5 water moccasins
  A hell hound (D:9)
  Duvessa (D:5)
  11 porcupines
  A phantom (D:5)
  2 sky beasts
  Purgy (Sewer)
  2 black bears
  13 wolves
  4 centaurs
  5 ogres
  6 crocodiles
  3 big kobolds (D:9)
  7 giant frogs
  A wyvern zombie (Ossuary)
  A water moccasin zombie (Ossuary)
  A scorpion (D:4)
  Dowan (D:5)
  5 wights
  A howler monkey (D:7)
  2 electric eels (Lair:2)
  3 crimson imps
  5 bog bodies (Ossuary)
  2 jellies (D:9)
  4 centaur zombies
  7 giant frog zombies
  A hound (D:6)
  A centaur skeleton (D:5)
  A giant frog skeleton (D:5)
  An orc priest (D:9)
  8 orc wizards
  An iron imp (Abyss:2)
  Jessica (D:2)
  4 iguanas
  8 worker ants
  A killer bee zombie (Ossuary)
  14 sheep
  7 mummies (Ossuary)
  6 worker ant zombies
  8 river rats
  9 adders
  A shadow imp (D:4)
  An ufetubus (Abyss:2)
  3 oozes
  An adder skeleton (D:7)
  2 adder zombies
  2 worms
  4 dart slugs
  5 giant geckos
  25 orcs
  2 ball pythons
  3 bats
  7 giant cockroaches
  5 goblins
  8 hobgoblins
  18 jackals
  8 quokkas
  A giant cockroach zombie (Ossuary)
  A giant gecko zombie (Ossuary)
  9 giant newts
  8 kobolds
  A quokka zombie (Ossuary)
  15 rats
330 creatures vanquished.

Vanquished Creatures (others)
  A wight (D:4)
  4 withered plants (Ossuary)
5 creatures vanquished.

Grand Total: 335 creatures vanquished

Notes
Turn   | Place    | Note
--------------------------------------------------------------
     0 | D:1      | juanjsm the Spriggan Enchanter began the quest for the Orb.
     0 | D:1      | Reached XP level 1. HP: 9/9 MP: 5/5
   128 | D:1      | Reached XP level 2. HP: 10/14 MP: 4/6
   132 | D:1      | Learned a level 2 spell: Ensorcelled Hibernation
  1141 | D:1      | Reached XP level 3. HP: 17/17 MP: 2/8
  1146 | D:1      | Learned a level 3 spell: Confuse
  1285 | D:2      | Reached skill level 5 in Stealth
  1351 | D:2      | Found a radiant altar of Vehumet.
  1559 | D:2      | Learned a level 3 spell: Dazzling Spray
  1729 | D:2      | Noticed Jessica
  1742 | D:2      | Killed Jessica
  1742 | D:2      | Reached XP level 4. HP: 21/21 MP: 3/10
  1754 | D:2      | Reached skill level 1 in Fighting
  1783 | D:2      | Found an opulent altar of Gozag.
  2148 | D:3      | Noticed raikaria's ghost (amateur DrTm)
  2161 | D:3      | Reached XP level 5. HP: 25/25 MP: 1/12
  2189 | D:3      | Killed raikaria's ghost
  2224 | D:3      | Reached XP level 6. HP: 30/30 MP: 3/14
  2438 | D:3      | Found a faded altar to an unknown god.
  2745 | D:4      | Reached skill level 5 in Spellcasting
  2854 | D:4      | Found a shadowy altar of Dithmenos.
  2857 | D:4      | Reached skill level 5 in Dodging
  2938 | D:4      | Found a staircase to the Ecumenical Temple.
  2951 | Temple   | Entered the Ecumenical Temple
  2955 | Temple   | Became a worshipper of Warmaster Okawaru
  3231 | D:4      | Noticed Pikel
  3231 | D:4      | Noticed a slave
  3231 | D:4      | Noticed a slave
  3231 | D:4      | Noticed a slave
  3231 | D:4      | Noticed a slave
  3387 | D:4      | Killed Pikel
  3387 | D:4      | Reached * piety under Okawaru
  3387 | D:4      | Reached ** piety under Okawaru
  3387 | D:4      | Reached skill level 5 in Hexes
  3387 | D:4      | Reached XP level 7. HP: 35/35 MP: 7/17
  3513 | D:4      | Reached XP level 8. HP: 39/39 MP: 4/18
  3735 | D:5      | Entered Level 5 of the Dungeon
  3736 | D:5      | Found a blossoming altar of Fedhas.
  3794 | D:5      | Found a snail-covered altar of Cheibriados.
  3936 | D:5      | Noticed Edmund
  3939 | D:5      | Killed Edmund
  3963 | D:5      | Found a stormy altar of Qazlal.
  4045 | D:5      | Noticed Sigmund
  4129 | D:5      | Killed Sigmund
  4129 | D:5      | Reached *** piety under Okawaru
  4408 | D:5      | Noticed Duvessa
  4428 | D:5      | Noticed Dowan
  4453 | D:5      | Killed Dowan
  4621 | D:5      | Killed Duvessa
  4621 | D:5      | Reached XP level 9. HP: 44/44 MP: 16/21
  4750 | D:6      | Reached **** piety under Okawaru
  4799 | D:6      | Found a glowing drain.
  4827 | Sewer    | Entered a sewer
  5012 | Sewer    | Noticed Purgy
  5024 | Sewer    | Killed Purgy
  5699 | D:7      | Received a gift from Okawaru
  5913 | D:7      | Reached skill level 5 in Short Blades
  5961 | D:7      | Reached ***** piety under Okawaru
  6075 | D:8      | Noticed Erica
  6099 | D:8      | Killed Erica
  6099 | D:8      | Received a gift from Okawaru
  6099 | D:8      | Reached skill level 10 in Stealth
  6099 | D:8      | Reached XP level 10. HP: 26/51 MP: 7/24
  6100 | D:8      | Got an ancient robe {god gift}
  6113 | D:8      | Identified the +1 robe "Cilut" {rC+ MP-9 Int+9} (Okawaru gifted it to you on level 8 of the Dungeon)
  6322 | D:8      | Found a sand-covered staircase.
  6331 | Ossuary  | Entered an ossuary
  6776 | Ossuary  | Reached skill level 10 in Spellcasting
  7575 | D:9      | Found a blossoming altar of Fedhas.
  7668 | D:9      | Found a staircase to the Lair.
  7668 | D:9      | Noticed Erolcha
  8369 | D:9      | Noticed a three-headed hydra
  8390 | D:9      | Killed a three-headed hydra
  8390 | D:9      | Reached skill level 5 in Fighting
  8556 | D:9      | Found a deep blue altar of Sif Muna.
  8582 | D:9      | Found a sacrificial altar of Ru.
  8584 | D:9      | Found a glowing silver altar of Zin.
  8628 | D:9      | Found an oddly glowing altar of Pakellas.
  8667 | Lair:1   | Entered Level 1 of the Lair of Beasts
  8669 | Lair:1   | Noticed a spiny frog
  8672 | Lair:1   | Killed a spiny frog
  8696 | Lair:1   | Noticed a spiny frog
  8703 | Lair:1   | Killed a spiny frog
  8703 | Lair:1   | Reached XP level 11. HP: 55/55 MP: 10/26
  8995 | Lair:1   | Reached skill level 10 in Dodging
  9538 | Lair:2   | Noticed a seven-headed hydra
  9573 | Lair:2   | Received a gift from Okawaru
  9574 | Lair:2   | Got a dazzling dagger {god gift}
  9575 | Lair:2   | Identified the +7 dagger "Xiucse" {pierce, rN+ Str+2 Dex+5 Stlth-} (Okawaru gifted it to you on level 2 of the Lair of Beasts)
 10198 | Lair:2   | Killed a seven-headed hydra
 10637 | Lair:3   | Reached ****** piety under Okawaru
 10672 | Lair:3   | Reached XP level 12. HP: 60/60 MP: 6/29
 11045 | Lair:4   | Noticed Snorg
 11046 | Lair:4   | Killed Snorg
 11046 | Lair:4   | Reached skill level 1 in Evocations
 11076 | Lair:4   | Noticed Sonja
 11076 | Lair:4   | Received a gift from Okawaru
 11077 | Lair:4   | Got a fine dagger {god gift}
 11083 | Lair:3   | Identified the +7 dagger "Opligef" {distort, rElec Dex+3} (Okawaru gifted it to you on level 4 of the Lair of Beasts)
 11084 | Lair:3   | Cast into level 2 of the Abyss (a distortion unwield)
 11127 | Abyss:2  | Found a deep blue altar of Sif Muna.
 11204 | Abyss:2  | Noticed an eidolon
 11237 | Abyss:2  | Noticed a bone dragon
 11413 | Abyss:2  | Noticed an Executioner
 11430 | Abyss:2  | HP: 2/60 [Executioner (6)]
 11430 | Abyss:2  | Slain by an Executioner

Skill      XL: |  1  2  3  4  5  6  7  8  9 10 11 12 |
---------------+-------------------------------------+-----
Spellcasting   | 3 4 6 7 9 10 12 | 12.7
Stealth        | 5 6 7 8 10 11 12 | 12.2
Hexes          | 4 5 6 7 8 9 |  9.6
Fighting       | 1 2 3 4 5 |  5.9
Dodging        | 4 6 7 8 9 11 | 11.2
Short Blades   | 2 3 4 5 6 8 |  8.4
Evocations     | 1 |  1.1
Shields        | |  0.7
Conjurations   | |  0.3

Action                   |  1- 3 |  4- 6 |  7- 9 | 10-12 || total
-------------------------+-------+-------+-------+-------++-------
Melee: Dagger            |   122 |    85 |   203 |   397 ||   807
 Cast: Corona            |     9 |       |       |       ||     9
       Ensorcelled Hiber |    25 |    25 |    79 |    84 ||   213
       Confuse           |     1 |     5 |    23 |    68 ||    97
       Dazzling Spray    |       |       |     2 |     9 ||    11
  Use: Scroll            |       |       |     1 |    11 ||    12
 Stab: Sleeping          |    28 |    31 |    67 |    93 ||   219
       Confused          |     1 |     5 |    17 |    40 ||    63
       Distracted        |       |       |     1 |     9 ||    10
       Invisible         |       |       |       |     7 ||     7
  Eat: Fruit             |       |     2 |       |       ||     2
       Pizza             |       |       |     2 |       ||     2
       Bread ration      |       |       |       |     1 ||     1
Armor: Robe              |    11 |     7 |     4 |    14 ||    36
Dodge: Dodged            |    79 |    35 |   124 |   238 ||   476
